Map: Honorgrounds LE

Players

SortOf

  • Race: Zerg Zerg
  • Spawn Location: 1:00

Optimus - Winner!

  • Race: Terran Terran
  • Spawn Location: 7:00

Event: IEM XI Katowice - World Championship 2017

VOD

Have the link to the VOD?

Description

Time

  • Played on: Feb. 27, 2017, 9:32 a.m.
  • Length: 10:48

All games in this series

Show
View Real Time Build Order
Export as new Build Order

SortOf Zerg 

Build Orders: Hatch First, Muta Ling Bane 

Get SALT Encoding   

  12  0:00  Drone  
  13  0:13  Overlord  
  13  0:18  Drone  
  14  0:31  Drone x2  
  16  0:38  Drone  
  17  0:53  Hatchery  
  17  0:56  Drone  
  17  0:59  Drone  
  18  1:11  Extractor  
  18  1:14  Spawning Pool  
  18  1:17  Drone  
  17  1:20  Drone  
  18  1:28  Drone  
  19  1:39  Overlord  
  19  1:50  Drone  
  20  2:02  Zergling x2, Queen  
  20  2:05  Queen  
  20  2:06  Zergling x2  
  26  2:13  Drone  
  26  2:14  Metabolic Boost  
  27  2:19  Drone  
  28  2:27  Drone x2  
  30  2:36  Drone  
  31  2:37  Drone  
  32  2:48  Queen  
  32  2:49  Spine Crawler  
  32  2:50  Zergling x4  
  35  3:00  Overlord  
  35  3:07  Zergling x2  
  35  3:09  Overlord  
  36  3:18  Queen  
  38  3:23  Queen  
  38  3:24  Zergling x4  
  42  3:31  Zergling x2  
  42  3:32  Zergling x8  
  44  3:42  Zergling x4  
  44  3:46  Overlord  
  46  3:53  Queen  
  46  3:55  Zergling x4  
  50  4:04  Queen  
  52  4:17  Drone x2  
  52  4:24  Drone x4  
  57  4:33  Drone x2  
  57  4:35  Overlord  
  59  4:44  Hatchery  
  58  4:48  Zergling x2  
  58  4:49  Overlord  
  59  4:56  Drone x2  
  59  4:57  Zergling x4  
  63  5:11  Evolution Chamber, Drone x5  
  67  5:14  Evolution Chamber  
  67  5:16  Zergling x6  
  69  5:27  Drone  
  70  5:30  Lair  
  70  5:31  Extractor, Baneling Nest  
  70  5:33  Zergling x2  
  70  5:34  Zergling x4  
  66  5:53  Drone x4  
  66  5:55  Drone  
  62  6:04  Drone x3  
  62  6:05  Drone x2  
  62  6:08  Zerg Melee Weapons Level 1, Zerg Ground Armor Level 1, Extractor  
  62  6:09  Extractor, Drone x2  
  66  6:14  Drone  
  67  6:23  Drone  
  67  6:24  Drone x2  
  70  6:30  Centrifical Hooks  
  70  6:34  Drone x3  
  70  6:38  Zergling x2  
  70  6:39  Zergling x4, Queen x2  
  80  6:43  Zergling x4  
  80  6:46  Queen  
  82  6:49  Zergling x10  
  74  7:00  Baneling  
  71  7:05  Drone x7  
  78  7:09  Drone x2  
  78  7:13  Baneling  
  80  7:18  Drone x2  
  80  7:20  Overlord  
  80  7:21  Overlord x2  
  82  7:23  Overlord  
  82  7:27  Overlord  
  82  7:38  Spire  
  82  7:40  Drone x5  
  82  7:41  Drone x2  
  82  7:42  Drone  
  82  7:43  Drone  
  90  7:46  Baneling x2  
  90  7:52  Drone x2  
  90  7:53  Drone x2  
  90  7:55  Extractor  
  89  8:03  Zergling x12  
  94  8:06  Zergling x2  
  94  8:12  Zergling x8  
  99  8:13  Baneling x4  
  99  8:14  Baneling  
  99  8:19  Zerg Melee Weapons Level 2, Zerg Ground Armor Level 2  
  99  8:22  Drone x2  
  99  8:26  Overlord  
  100  8:37  Zergling x14  
  105  8:49  Hatchery  
  104  9:00  Zergling x18  
  99  9:08  Zergling x10  
  99  9:09  Baneling x5  
  104  9:13  Zergling x4  
  103  9:17  Zergling x6  
  92  9:28  Drone x3  
  88  9:37  Baneling x4  
  87  9:41  Mutalisk x4  
  87  9:42  Mutalisk  
  87  9:43  Hatchery  
  96  9:46  Zergling x4  
  96  9:50  Zergling x6  
  95  9:55  Mutalisk x2  
  98  10:00  Overseer  
  98  10:01  Zergling x8  
  98  10:03  Zergling x2  
  98  10:04  Baneling x2  
  98  10:06  Baneling x4  
  103  10:09  Baneling x12  
  103  10:10  Zergling x2  
  105  10:14  Zergling x6  
  105  10:21  Zergling x12  
  86  10:30  Overlord  
Show
View Real Time Build Order
Export as new Build Order

Optimus Terran - Winner!

Build Orders: MMM Bio 

Get SALT Encoding   

  12  0:00  SCV  
  13  0:12  SCV  
  14  0:18  Supply Depot  
  14  0:24  SCV  
  15  0:30  Refinery  
  15  0:39  SCV  
  16  0:45  Barracks  
  16  0:51  SCV  
  17  1:03  Barracks  
  17  1:07  SCV  
  18  1:21  Barracks  
  19  1:25  SCV  
  19  1:32  Reaper  
  20  1:42  Orbital Command  
  20  1:50  Reaper  
  21  1:55  Supply Depot  
  21  2:02  Refinery  
  21  2:05  Reaper  
  22  2:09  Reaper  
  23  2:17  SCV  
  23  2:20  Supply Depot  
  24  2:26  Reaper  
  25  2:30  SCV  
  26  2:37  Reaper  
  26  2:42  SCV  
  28  2:45  Reaper  
  29  2:54  SCV  
  30  3:04  Reaper  
  31  3:06  SCV  
  31  3:11  Command Center  
  32  3:20  Reaper  
  32  3:24  SCV  
  34  3:36  Reaper, SCV  
  34  3:39  Supply Depot  
  36  3:48  Factory, SCV  
  35  3:49  Barracks Tech Lab  
  36  4:00  SCV  
  37  4:05  Barracks Reactor  
  37  4:07  Marine  
  37  4:08  Stimpack  
  38  4:13  SCV  
  38  4:16  Barracks Reactor  
  39  4:24  Orbital Command  
  39  4:25  SCV  
  39  4:27  Marine  
  41  4:35  Starport  
  41  4:37  SCV  
  41  4:38  Refinery  
  42  4:40  Factory Reactor  
  42  4:42  Marine  
  42  4:44  Marine x2  
  45  4:49  SCV  
  46  4:56  Marine x2  
  46  4:57  SCV  
  49  5:00  Marine  
  49  5:01  SCV  
  51  5:10  Marine x2, SCV, Engineering Bay x2  
  51  5:13  SCV  
  55  5:20  Marine x2  
  57  5:24  Medivac x2  
  61  5:28  Supply Depot  
  61  5:31  SCV x2  
  61  5:33  Marine x2  
  65  5:37  Marine  
  65  5:38  Marine  
  67  5:47  Terran Infantry Armor Level 1, Terran Infantry Weapons Level 1  
  66  5:56  Marine x2  
  66  5:57  Marine  
  64  5:58  Marine  
  64  5:59  SCV  
  64  6:03  SCV  
  68  6:08  Marine  
  68  6:11  Combat Shields, SCV  
  67  6:14  Marine x2  
  69  6:23  SCV, Command Center  
  69  6:24  Supply Depot, SCV  
  70  6:27  Marine x2  
  70  6:32  Marine x3  
  72  6:35  SCV  
  72  6:36  Medivac  
  78  6:45  Medivac  
  80  6:51  SCV  
  81  6:55  Marine x2  
  81  6:59  Factory Reactor  
  83  7:01  Barracks  
  83  7:02  Barracks  
  83  7:04  SCV  
  83  7:05  Marine x3, SCV  
  83  7:06  Medivac  
  86  7:09  Supply Depot  
  86  7:10  Supply Depot  
  86  7:13  Armory  
  86  7:27  Refinery  
  86  7:28  Supply Depot  
  86  7:30  Marine x2, SCV x2, Medivac  
  86  7:32  Supply Depot, Marine x2  
  86  7:36  Orbital Command  
  94  7:40  Marine  
  94  7:43  SCV  
  96  7:47  Factory Reactor  
  96  7:48  Marine x2  
  96  7:50  Marine, Barracks Reactor  
  97  7:59  Marine x4  
  99  8:05  Marine x2  
  99  8:10  SCV x2  
  103  8:13  Barracks x2  
  103  8:16  Marine, Barracks  
  103  8:17  Marine x3  
  107  8:20  Orbital Command  
  107  8:22  Supply Depot  
  109  8:29  Terran Infantry Weapons Level 2, Terran Infantry Armor Level 2  
  107  8:38  Widow Mine x2  
  107  8:39  Marine x4  
  107  8:40  Marine x3  
  118  8:41  SCV  
  118  8:47  SCV x2  
  114  9:03  SCV x2  
  114  9:06  Widow Mine x2  
  114  9:08  Marine x7  
  114  9:09  Barracks Tech Lab, Barracks Reactor  
  127  9:14  Medivac x2  
  127  9:15  SCV  
  122  9:27  Marine  
  122  9:28  Marine x6  
  122  9:29  Barracks Reactor  
  127  9:31  Supply Depot x2  
  127  9:35  Widow Mine x2  
  127  9:37  Marauder x2  
  127  9:38  Concussive Shells  
  135  9:39  Marine  
  135  9:45  Marine x2  
  136  9:46  Marine  
  136  9:51  Marine x4  
  141  9:54  Marine x2  
  141  9:57  Marine, Medivac x2  
  141  9:58  Marauder x2  
  152  10:01  Supply Depot  
  152  10:04  Widow Mine x2  
  156  10:11  Supply Depot  
  154  10:26  Marine  
  154  10:27  Marine x5  
  154  10:28  Marine  
  124  10:29  Marine x5  

Tags
 
Add a new tag
Caveats
  • Supply blocks, unpowered buildings, or Contaminate may cause inaccurate times.
  • Supply counts are checked every 10 seconds.